| TOP OF THE 1ST |
|
Denver Bears batting - Pitching for Wichita Aeros : RHP John Adams
|
|
Pitching: RHP John Adams
|
|
|
Batting: LHB Dallas Williams
|
0-0: Ball 1-0: Called Strike 1-1: Swinging Strike 1-2: Foul Ball, location: 2F 1-2: Ball 2-2: Ball 3-2: Strikes out swinging
|
|
Batting: LHB Tom Beyers
|
0-0: Ball 1-0: Called Strike 1-1: Foul Ball, location: 2F 1-2: Foul Ball, location: 2F 1-2: Ground out 6-3 (Groundball, 6, EV 101.3 MPH)
|
|
Batting: LHB Lenny Dykstra
|
0-0: Ball 1-0: Ball 2-0: Ball 3-0: Called Strike 3-1: Base on Balls
|
|
Batting: RHB Kirby Puckett
|
0-0: Called Strike 0-1: Ball 1-1: Ball 2-1: Called Strike 2-2: Ball 3-2: SINGLE (Line Drive, 56D, EV 96.3 MPH) Lenny Dykstra to second Lenny Dykstra to third
|
|
Batting: LHB Danny Heep
|
0-0: Called Strike 0-1: Ball 1-1: Ball 2-1: Ball 3-1: 3-RUN HOME RUN (Flyball, 9LD, EV 86.3 MPH), Distance : 367 ft
|
|
Batting: RHB Adolfo Feliz
|
0-0: SINGLE (Line Drive, 3D, EV 105.0 MPH)
|
|
Batting: RHB Juan Alvarez
|
0-0: Called Strike Adolfo Feliz steals 2nd base 0-1: Ball 1-1: Called Strike 1-2: Ball 2-2: Strikes out swinging
|
| Top of the 1st over - 3 runs, 3 hits, 0 errors, 1 left on base; Denver 3 - Wichita 0 |
| BOTTOM OF THE 1ST |
|
Wichita Aeros batting - Pitching for Denver Bears : RHP Alex Vasquez
|
|
Pitching: RHP Alex Vasquez
|
|
|
Batting: SHB Gary Pettis
|
0-0: DOUBLE (Flyball, 78D, EV 106.9 MPH)
|
|
Batting: LHB Jesus Ramos
|
0-0: Called Strike 0-1: SINGLE (Flyball, 4MD, EV 90.0 MPH) Gary Pettis to third
|
|
Batting: LHB Michael Barnes
|
0-0: Called Strike 0-1: Foul Ball, location: 2F 0-2: Ball 1-2: Ball 2-2: Ball 3-2: Ground out 6-3 (Groundball, 56, EV 105.0 MPH) Gary Pettis scores Jesus Ramos to second
|
|
Batting: RHB Dave Hoenstine
|
0-0: Ground out 5-3 (Groundball, 5, EV 77.5 MPH)
|
|
Batting: LHB Angel Matos
|
0-0: Ball 1-0: Ball 2-0: Ball 3-0: Base on Balls
|
|
Batting: LHB James Pellack
|
0-0: Ball 1-0: SINGLE (Groundball, 3D, EV 98.1 MPH) Jesus Ramos to third Angel Matos to second Runner from 3rd tries for Home, SAFE, throw by RF to home
|
|
Batting: RHB Dave Stenhouse
|
0-0: Ball 1-0: Fielders Choice at 2nd, 5-4 (Groundball, 56, EV 86.3 MPH)
|
| Bottom of the 1st over - 2 runs, 3 hits, 0 errors, 2 left on base; Denver 3 - Wichita 2 |
| TOP OF THE 2ND |
|
Denver Bears batting - Pitching for Wichita Aeros : RHP John Adams
|
|
Batting: RHB Frank Lucy
|
0-0: Ground out 4-3 (Groundball, 4, EV 85.6 MPH)
|
|
Batting: RHB Gomez Barahona
|
0-0: Ball 1-0: Called Strike 1-1: Foul Ball, location: 2F 1-2: Foul Ball, location: 2F 1-2: Ball 2-2: Foul Ball, location: 2F 2-2: Foul Ball, location: 2F 2-2: Foul Ball, location: 2F 2-2: Ball 3-2: Fly out, F8 (Line Drive, 8LM, EV 93.1 MPH)
|
|
Batting: LHB Dallas Williams
|
0-0: Ground out 5-3 (Groundball, 56S, EV 80.0 MPH)
|
| Top of the 2nd over - 0 runs, 0 hits, 0 errors, 0 left on base; Denver 3 - Wichita 2 |
| BOTTOM OF THE 2ND |
|
Wichita Aeros batting - Pitching for Denver Bears : RHP Alex Vasquez
|
|
Batting: RHB Gary House
|
0-0: Ball 1-0: Ball 2-0: Ball 3-0: Base on Balls
|
|
Batting: RHB Victor Mabee
|
0-0: Fly out, F8 (Flyball, 8LXD, EV 83.1 MPH)
|
|
Batting: SHB Gary Pettis
|
0-0: Ball 1-0: Ball 2-0: Called Strike 2-1: Fly out, F7 (Flyball, 7D, EV 101.9 MPH)
|
|
Batting: LHB Jesus Ramos
|
0-0: Called Strike 0-1: Ball 1-1: Called Strike 1-2: Foul Ball, location: 2F 1-2: Ball 2-2: DOUBLE (Line Drive, 7LS, EV 104.4 MPH) Gary House to third Runner from 3rd tries for Home, SAFE, throw by LF to home
|
|
Batting: LHB Michael Barnes
|
0-0: Called Strike 0-1: Swinging Strike 0-2: Ball 1-2: Ground out 3-1 (Groundball, 3D, EV 106.3 MPH)
|
| Bottom of the 2nd over - 1 run, 1 hit, 0 errors, 1 left on base; Denver 3 - Wichita 3 |
| TOP OF THE 3RD |
|
Denver Bears batting - Pitching for Wichita Aeros : RHP John Adams
|
|
Batting: LHB Tom Beyers
|
0-0: Ball 1-0: Ground out 5-3 (Groundball, 56, EV 103.1 MPH)
|
|
Batting: LHB Lenny Dykstra
|
0-0: Foul Ball, location: 2F 0-1: Ball 1-1: Ground out 5-3 (Groundball, 56, EV 98.8 MPH)
|
|
Batting: RHB Kirby Puckett
|
0-0: Ground out 5-3 (Groundball, 56S, EV 73.8 MPH)
|
| Top of the 3rd over - 0 runs, 0 hits, 0 errors, 0 left on base; Denver 3 - Wichita 3 |
| BOTTOM OF THE 3RD |
|
Wichita Aeros batting - Pitching for Denver Bears : RHP Alex Vasquez
|
|
Batting: RHB Dave Hoenstine
|
0-0: Ball 1-0: Ball 2-0: Foul Ball, location: 2F 2-1: Foul Ball, location: 2F 2-2: Ball 3-2: Ground out 4-3 (Groundball, 4D, EV 107.5 MPH)
|
|
Batting: LHB Angel Matos
|
0-0: Ball 1-0: Called Strike 1-1: SINGLE (Groundball, 56D, EV 101.3 MPH)
|
|
Batting: LHB James Pellack
|
0-0: Called Strike 0-1: Called Strike 0-2: Grounds into double play, 4-6-3 (Groundball, 4, EV 95.0 MPH)
|
| Bottom of the 3rd over - 0 runs, 1 hit, 0 errors, 0 left on base; Denver 3 - Wichita 3 |
| TOP OF THE 4TH |
|
Denver Bears batting - Pitching for Wichita Aeros : RHP John Adams
|
|
Batting: LHB Danny Heep
|
0-0: Ground out 4-3 (Groundball, 4, EV 80.6 MPH)
|
|
Batting: RHB Adolfo Feliz
|
0-0: Called Strike 0-1: Called Strike 0-2: Ball 1-2: Ball 2-2: Foul Ball, location: 2F 2-2: Ball 3-2: Foul Ball, location: 2F 3-2: Foul Ball, location: 2F 3-2: Base on Balls
|
|
Batting: RHB Juan Alvarez
|
0-0: Called Strike 0-1: Ball 1-1: Ball 2-1: Ball 3-1: Grounds into double play, 5-4-3 (Groundball, 56S, EV 83.8 MPH)
|
| Top of the 4th over - 0 runs, 0 hits, 0 errors, 0 left on base; Denver 3 - Wichita 3 |
| BOTTOM OF THE 4TH |
|
Wichita Aeros batting - Pitching for Denver Bears : RHP Alex Vasquez
|
|
Batting: RHB Dave Stenhouse
|
0-0: Ball 1-0: Called Strike 1-1: Ground out 1-3 (Groundball, 34S, EV 66.9 MPH)
|
|
Batting: RHB Gary House
|
0-0: Swinging Strike 0-1: Swinging Strike 0-2: Strikes out swinging
|
|
Batting: RHB Victor Mabee
|
0-0: Foul Ball, location: 2F 0-1: Ball 1-1: Reached on error, E8 (Flyball, 8RD, EV 103.8 MPH)
|
|
Batting: SHB Gary Pettis
|
0-0: Swinging Strike 0-1: Ball 1-1: Called Strike 1-2: Ground out 4-3 (Groundball, 4M, EV 100.6 MPH)
|
| Bottom of the 4th over - 0 runs, 0 hits, 1 error, 1 left on base; Denver 3 - Wichita 3 |
| TOP OF THE 5TH |
|
Denver Bears batting - Pitching for Wichita Aeros : RHP John Adams
|
|
Batting: RHB Frank Lucy
|
0-0: Called Strike 0-1: Called Strike 0-2: Strikes out swinging
|
|
Batting: RHB Gomez Barahona
|
0-0: Fly out, F7 (Line Drive, 7, EV 91.9 MPH)
|
|
Batting: LHB Dallas Williams
|
0-0: Fly out, F8 (Line Drive, 8LM, EV 95.6 MPH)
|
| Top of the 5th over - 0 runs, 0 hits, 0 errors, 0 left on base; Denver 3 - Wichita 3 |
| BOTTOM OF THE 5TH |
|
Wichita Aeros batting - Pitching for Denver Bears : RHP Alex Vasquez
|
|
Batting: LHB Jesus Ramos
|
0-0: Ball 1-0: Ball 2-0: Ball 3-0: Base on Balls
|
|
Batting: LHB Michael Barnes
|
0-0: Foul Ball, location: 2F 0-1: Swinging Strike 0-2: Ball 1-2: Ball 2-2: 2-RUN HOME RUN (Flyball, 9D, EV 110.6 MPH), Distance : 386 ft
|
|
Pitching: RHP Tim Rodgers
|
|
|
Batting: RHB Dave Hoenstine
|
0-0: Swinging Strike 0-1: Ball 1-1: Called Strike 1-2: Ball 2-2: SINGLE (Line Drive, 4M, EV 98.8 MPH)
|
|
Batting: LHB Angel Matos
|
0-0: Called Strike 0-1: Fielders Choice at 2nd, 6-4 (Groundball, 56, EV 86.3 MPH)
|
|
Batting: LHB James Pellack
|
0-0: Foul Ball, location: 2F 0-1: Swinging Strike 0-2: Ball 1-2: Ball 2-2: Ball 3-2: Strikes out swinging
|
|
Batting: RHB Dave Stenhouse
|
0-0: Fly out, F7 (Flyball, 78XD, EV 85.6 MPH)
|
| Bottom of the 5th over - 2 runs, 2 hits, 0 errors, 1 left on base; Denver 3 - Wichita 5 |
| TOP OF THE 6TH |
|
Denver Bears batting - Pitching for Wichita Aeros : RHP John Adams
|
|
Batting: LHB Tom Beyers
|
0-0: SINGLE (Groundball, 6S, EV 67.5 MPH) (infield hit)
|
|
Batting: LHB Lenny Dykstra
|
0-0: Ball 1-0: Fly out, F6 (Popup, 6M, EV 58.8 MPH)
|
|
Batting: RHB Kirby Puckett
|
0-0: Ball 1-0: Ball 2-0: Reached on error, E4 (Groundball, 4, EV 78.1 MPH) Tom Beyers to second
|
|
Batting: LHB Danny Heep
|
0-0: Ball 1-0: Fly out, F7 (Flyball, 7LS, EV 85.6 MPH)
|
|
Batting: RHB Adolfo Feliz
|
0-0: Ball 1-0: Ball 2-0: Foul Ball, location: 2F 2-1: Ball 3-1: Base on Balls Tom Beyers to third Kirby Puckett to second
|
|
Batting: RHB Juan Alvarez
|
0-0: Ball 1-0: Ball 2-0: Ball 3-0: Base on Balls Tom Beyers scores Kirby Puckett to third Adolfo Feliz to second
|
|
Batting: RHB Frank Lucy
|
0-0: Called Strike 0-1: Called Strike 0-2: Foul Ball, location: 2F 0-2: Strikes out swinging
|
| Top of the 6th over - 1 run, 1 hit, 1 error, 3 left on base; Denver 4 - Wichita 5 |
| BOTTOM OF THE 6TH |
|
Wichita Aeros batting - Pitching for Denver Bears : RHP Tim Rodgers
|
|
Batting: RHB Gary House
|
0-0: Swinging Strike 0-1: SINGLE (Groundball, 6MD, EV 108.1 MPH)
|
|
Batting: RHB Victor Mabee
|
0-0: Called Strike 0-1: Ball 1-1: Grounds into double play, 6-4-3 (Groundball, 56, EV 107.5 MPH)
|
|
Batting: SHB Gary Pettis
|
0-0: Fly out, F8 (Flyball, 8LXD, EV 98.1 MPH)
|
| Bottom of the 6th over - 0 runs, 1 hit, 0 errors, 0 left on base; Denver 4 - Wichita 5 |
| TOP OF THE 7TH |
|
Denver Bears batting - Pitching for Wichita Aeros : RHP John Adams
|
|
Batting: RHB Gomez Barahona
|
0-0: Fly out, F8 (Line Drive, 8LD, EV 93.8 MPH)
|
|
Batting: LHB Dallas Williams
|
0-0: Called Strike 0-1: Ball 1-1: Fly out, F4 (Flyball, 4D, EV 70.6 MPH)
|
|
Batting: LHB Tom Beyers
|
0-0: Foul Ball, location: 2F 0-1: Fly out, F8 (Flyball, 8RXD, EV 104.4 MPH)
|
| Top of the 7th over - 0 runs, 0 hits, 0 errors, 0 left on base; Denver 4 - Wichita 5 |
| BOTTOM OF THE 7TH |
|
Wichita Aeros batting - Pitching for Denver Bears : RHP Tim Rodgers
|
|
Batting: LHB Jesus Ramos
|
0-0: Ground out 4-3 (Groundball, 4, EV 86.9 MPH)
|
|
Batting: LHB Michael Barnes
|
0-0: Ball 1-0: Ball 2-0: Called Strike 2-1: Called Strike 2-2: Ball 3-2: Base on Balls
|
|
Batting: RHB Dave Hoenstine
|
0-0: Fielders Choice at 2nd, 4-6 (Groundball, 34, EV 80.6 MPH)
|
|
Batting: LHB Angel Matos
|
0-0: Called Strike 0-1: Ball 1-1: Ball 2-1: Ball 3-1: Foul Ball, location: 2F 3-2: Strikes out swinging
|
| Bottom of the 7th over - 0 runs, 0 hits, 0 errors, 1 left on base; Denver 4 - Wichita 5 |
| TOP OF THE 8TH |
|
Denver Bears batting - Pitching for Wichita Aeros : RHP John Adams
|
|
Batting: LHB Lenny Dykstra
|
0-0: Ball 1-0: Fly out, F5 (Popup, 5F, EV 64.4 MPH)
|
|
Batting: RHB Kirby Puckett
|
0-0: Foul Ball, location: 2F 0-1: Ball 1-1: Ball 2-1: Ball 3-1: Fly out, F8 (Line Drive, 8RD, EV 93.1 MPH)
|
|
Batting: LHB Danny Heep
|
0-0: Fly out, F5 (Flyball, 5D, EV 86.9 MPH)
|
| Top of the 8th over - 0 runs, 0 hits, 0 errors, 0 left on base; Denver 4 - Wichita 5 |
| BOTTOM OF THE 8TH |
|
Wichita Aeros batting - Pitching for Denver Bears : RHP Tim Rodgers
|
|
Batting: LHB James Pellack
|
0-0: Ball 1-0: Ball 2-0: Fly out, F9 (Flyball, 9LD, EV 102.5 MPH)
|
|
Batting: RHB Dave Stenhouse
|
0-0: Foul Ball, location: 2F 0-1: Foul Ball, location: 2F 0-2: Ball 1-2: Ball 2-2: Ball 3-2: Fly out, F7 (Line Drive, 7, EV 83.8 MPH)
|
|
Batting: RHB Gary House
|
0-0: Ball 1-0: Foul Ball, location: 2F 1-1: Ball 2-1: Foul Ball, location: 2F 2-2: Ball 3-2: Foul Ball, location: 2F 3-2: Fly out, F8 (Flyball, 8RD, EV 105.0 MPH)
|
| Bottom of the 8th over - 0 runs, 0 hits, 0 errors, 0 left on base; Denver 4 - Wichita 5 |
| TOP OF THE 9TH |
|
Denver Bears batting - Pitching for Wichita Aeros : RHP John Adams
|
|
Pitching: RHP Joey McLaughlin
|
|
|
Batting: RHB Adolfo Feliz
|
0-0: Called Strike 0-1: Ball 1-1: Ball 2-1: Ground out 4-3 (Groundball, 4, EV 108.8 MPH)
|
|
Pinch Hitting: SHB Mark Gilbert
|
0-0: Ball 1-0: Foul Ball, location: 2F 1-1: Foul Ball, location: 2F 1-2: Foul Ball, location: 2F 1-2: Strikes out looking
|
|
Pinch Hitting: LHB Larry Donofrio
|
0-0: Foul Ball, location: 2F 0-1: Ball 1-1: Ball 2-1: Foul Ball, location: 2F 2-2: Strikes out swinging
|
| Top of the 9th over - 0 runs, 0 hits, 0 errors, 0 left on base; Denver 4 - Wichita 5 |
|